 Dungeon Crawl Stone Soup version 0.26-a0-1181-gd376ed14c5 (webtiles) character file.

Game seed: 3420526343386321009

1024 Arthanis the Arsonist (level 8, -9/41 HPs)
             Began as a Deep Elf Fire Elementalist on Dec 26, 2020.
             Killed by divine providence
             ... invoked by an orc priest
              (15 damage)
             ... on level 8 of the Dungeon.
             The game lasted 00:07:54 (5590 turns).

Arthanis the Arsonist (Deep Elf Fire Elementalist)  Turns: 5590, Time: 00:07:54

Health: -9/41      AC:  3    Str:  5    XL:     8   Next: 2%
Magic:  9/20       EV: 13    Int: 23    God:
Gold:   355        SH:  0    Dex: 15    Spells: 7/20 levels left

rFire    . . .     SeeInvis .   k - +2 dagger (freeze)
rCold    + . .     Faith    .   (no shield)
rNeg     . . .     Spirit   .   a - +0 robe
rPois    .         Reflect  .   (no helmet)
rElec    .         Harm     .   (no cloak)
rCorr    .         Rampage  .   p - +0 pair of gloves
Will     .....                  (no boots)
Stlth    ++........             (no amulet)
HPRegen  0.13/turn              (no ring)
MPRegen  0.17/turn              l - ring of protection from cold

@: very slightly contaminated
A: no striking features
a: no special abilities


You were on level 8 of the Dungeon.
You visited 2 branches of the dungeon, and saw 8 of its levels.

You collected 407 gold pieces.
You spent 52 gold pieces at shops.

Inventory:

Hand Weapons
 k - a +2 dagger of freezing (weapon)
Armour
 a - a +0 robe (worn)
 p - a +0 pair of gloves (worn)
Jewellery
 l - a ring of protection from cold (right hand)
Wands
 m - a wand of flame (21)
Scrolls
 b - 7 scrolls of remove curse
 e - a scroll of random uselessness {unknown}
 f - 10 scrolls of teleportation
 g - 6 scrolls of identify {unknown}
 h - a scroll of fog {unknown}
 j - a scroll of enchant armour {unknown}
 n - a scroll of magic mapping {unknown}
 o - 2 scrolls of immolation {unknown}
 s - 2 scrolls of noise {unknown}
 t - 3 scrolls of enchant weapon {unknown}
Potions
 c - a potion of heal wounds {unknown}
 d - 2 potions of resistance {unknown}
 i - 2 potions of curing {unknown}
 q - a potion of mutation {unknown}
 r - 2 potions of degeneration {unknown}
 u - a potion of berserk rage {unknown}


   Skills:
 - Level 2.4 Dodging
 - Level 2.4 Stealth
 + Level 6.7 Spellcasting
 + Level 5.0 Conjurations
 * Level 8.0 Fire Magic


You had 7 spell levels left.
You knew the following spells:

 Your Spells              Type           Power        Failure   Level
a - Foxfire               Conj/Fire      100%         1%          1
b - Conjure Flame         Conj/Fire      37%          1%          3
c - Sticky Flame          Conj/Fire      37%          5%          4
d - Fireball              Conj/Fire      18%          16%         5

Your spell library contained the following spells:

 Spells                   Type           Power        Failure   Level
 Inner Flame              Hex/Fire       26%          4%          3


Dungeon Overview and Level Annotations

Branches:
Dungeon (8/15)             Temple (1/1) D:7
   Lair: D:8-11

Altars:
Ashenzari
Cheibriados
Dithmenos
Gozag
Hepliaklqana
Kikubaaqudgha
Makhleb
Okawaru
Qazlal
Sif Muna
Trog
Wu Jian
Xom
Yredelemnul
Zin
The Shining One

Shops:
D:4 *


Message History

The foxfire hits the orc priest but does no damage.
The orc priest is lightly wounded.
The foxfire hits the orc priest.
The orc priest is heavily wounded.
The foxfire hits the orc priest but does no damage.
The orc priest is heavily wounded.
The orc priest closely misses you.
Casting: Foxfire (safe; 1% risk of failure)
Confirm with . or Enter, or press ? or * to list all spells.
You conjure some foxfire!
The foxfire hits the orc priest.
The orc priest is almost dead.
The orc priest calls down the wrath of Beogh upon you.
Pain shoots through your body!
* * * LOW HITPOINT WARNING * * *
Casting: Foxfire (safe; 1% risk of failure)
Confirm with . or Enter, or press ? or * to list all spells.
You conjure some foxfire!
The orc priest mumbles some strange prayers to Beogh against you.
Beogh smites you!
You die...

.. . #. ###. .... #..####
.###..vvv## #
......o@v.######## .#
....####v.##.....# .# .
###.........###...
#......[._..#...# . ..
#............# #. ...#
###..........# #.#
#....####.....#.)..# #..#
#............##....##...#
#...........##....#....#


You could see an orc priest.

Vanquished Creatures
  A warg (D:8)
  A phantom (D:4)
  An ogre (D:3)
  A centaur (D:8)
  A bullfrog (D:8)
  3 killer bees (D:8)
  A bullfrog zombie (D:5)
  5 orc priests
  Jessica (D:2)
  An orc wizard (D:4)
  3 worker ants (D:4)
  4 adders
  A shadow imp (D:8)
  An ufetubus (D:8)
  An adder zombie (D:3)
  3 dart slugs
  2 leopard geckos
  20 orcs
  2 bats
  7 giant cockroaches
  8 goblins
  3 hobgoblins
  8 jackals
  A kobold (D:2)
  2 quokkas (D:4)
  A ball python (D:3)
  6 frilled lizards
  2 jackal skeletons (D:4)
  4 rats (D:1)
95 creatures vanquished.

Vanquished Creatures (others)
  395 foxfires
395 creatures vanquished.

Grand Total: 490 creatures vanquished

Notes
Turn   | Place    | Note
-------+----------+-------------------------------------------
     0 | D:1      | Arthanis the Deep Elf Fire Elementalist began the quest for
                  | the Orb.
     0 | D:1      | Reached XP level 1. HP: 10/10 MP: 6/6
   148 | D:1      | Reached XP level 2. HP: 15/15 MP: 4/8
   507 | D:1      | Reached skill level 4 in Fire Magic
   712 | D:1      | Reached XP level 3. HP: 19/19 MP: 6/10
  1247 | D:2      | Learned a level 3 spell: Conjure Flame
  1498 | D:2      | Reached XP level 4. HP: 24/24 MP: 4/11
  1503 | D:2      | Learned a level 4 spell: Sticky Flame
  1644 | D:2      | Noticed Jessica
  1655 | D:2      | Killed Jessica
  1870 | D:2      | Found an opulent altar of Gozag.
  2324 | D:3      | Found a broken altar of Ashenzari.
  2445 | D:3      | Reached skill level 5 in Fire Magic
  2532 | D:3      | Reached XP level 5. HP: 15/28 MP: 6/13
  3046 | D:3      | Noticed an ogre
  3053 | D:3      | Killed an ogre
  3056 | D:3      | Reached XP level 6. HP: 32/32 MP: 5/15
  3151 | D:3      | Learned a level 5 spell: Fireball
  3167 | D:4      | Found Woar's Assorted Antiques.
  3171 | D:4      | Reached skill level 5 in Spellcasting
  3370 | D:4      | Reached skill level 6 in Fire Magic
  3410 | D:4      | Bought a scroll labelled TOODID BUYP for 26 gold pieces
  3410 | D:4      | Bought a scroll labelled WODOEN VAUW for 26 gold pieces
  4029 | D:4      | Reached XP level 7. HP: 19/36 MP: 11/17
  4489 | D:5      | Entered Level 5 of the Dungeon
  4550 | D:5      | You fall into a shaft and drop 3 floors!
  4681 | D:8      | Reached skill level 7 in Fire Magic
  5235 | D:8      | Reached skill level 5 in Conjurations
  5309 | D:8      | Found an ornate altar of the Wu Jian Council.
  5322 | D:7      | Found a staircase to the Ecumenical Temple.
  5329 | Temple   | Entered the Ecumenical Temple
  5575 | D:8      | Reached skill level 8 in Fire Magic
  5575 | D:8      | Reached XP level 8. HP: 36/41 MP: 13/20
  5590 | D:8      | Killed from afar by an orc priest

Illustrated notes

Levels and vault maps discovered:
D:1:      dpeg_arrival_circle_labyrinth_c, layout_basic
D:2:      layout_basic, nicolae_gozag_seed_capital, minmay_misc_feat_x,
          minmay_misc_feat_cross, uniq_jessica
D:3:      layout_basic, old_standard_altar
D:4:      layout_gridville, serial_shops, shop
D:5:      layout_loops_corners, kennysheep_mini_moat, vehumet_altar_wand_db,
          gammafunk_ghost_split
D:7:      layout_cave_pods, lemuel_round_altar,
          minmay_temple_entry_from_below_a, fountainhead
D:8:      layout_cave_pods, erik_lair_orcish_takeover, basic_altar,
          hangedman_decor_growths
Temple:   nicolae_temple_figure_eight

Skill      XL: |  1  2  3  4  5  6  7 |
---------------+----------------------+-----
Fire Magic     | 4 5 6 8 |  8.0
Conjurations   | 2 3 4 5 |  5.0
Spellcasting   | 4 5 6 |  6.7
Dodging        | |  2.4
Stealth        | |  2.4

Action                   |  1- 3 |  4- 6 |  7- 9 || total
-------------------------+-------+-------+-------++-------
Melee: Dagger            |     4 |     3 |       ||     7
 Cast: Foxfire           |    61 |   119 |    68 ||   248
       Sticky Flame      |       |       |     3 ||     3
       Conjure Flame     |       |       |     1 ||     1
  Use: Scroll            |       |     2 |     1 ||     3
 Stab: Sleeping          |       |     2 |       ||     2
Armor: Robe              |     2 |     1 |     1 ||     4
Dodge: Dodged            |     2 |    11 |    19 ||    32

Table legend: (Time is in decaauts)
 A = Elapsed time spent in this place.
 B = Non-inter-level travel time spent in this place.
 C = Inter-level travel time spent in this place.
 D = Time resting spent in this place.
 E = Time spent auto-exploring this place.
 F = Levels seen in this place.
 G = Mean time per level.
                   A        B        C        D        E       F      G
               +--------+--------+--------+--------+--------+-----+--------+
         Total |   5588 |   5466 |    122 |    450 |   4283 |   8 |  698.5 |
       Dungeon |   5395 |   5283 |    112 |    450 |   4102 |   7 |  770.7 |
        Temple |    192 |    182 |     10 |      0 |    181 |   1 |  192.0 |
               +--------+--------+--------+--------+--------+-----+--------+

Top non-repeatable levels by time:
     D:4: 1321 daAuts
     D:1: 1241 daAuts
     D:3: 1165 daAuts
     D:8: 833 daAuts
     D:2: 759 daAuts
  Temple: 192 daAuts
     D:5: 60 daAuts
     D:7: 14 daAuts
